Map: Proxima Station LE

Players

NORTHAMERICA - Winner!

  • Race: Protoss Protoss
  • League: Grandmaster
  • Spawn Location: 1:00

IIIIIIIIIIll

  • Race: Zerg Zerg
  • League: Grandmaster
  • Spawn Location: 7:00

VOD

Have the link to the VOD?

Description

Time

  • Played on: April 6, 2017, 1:58 a.m.
  • Length: 17:03
Show
View Real Time Build Order
Export as new Build Order

NORTHAMERICA Protoss - Winner!

Build Orders: Nexus First, Oracle Opening 

Get SALT Encoding   

  12  0:01  Probe (Chrono Boost)  
  13  0:12  Probe (Chrono Boost)  
  14  0:19  Pylon  
  14  0:22  Probe (Chrono Boost)  
  15  0:38  Probe (Chrono Boost)  
  16  0:48  Probe (Chrono Boost)  
  17  0:59  Nexus  
  17  1:09  Gateway  
  17  1:12  Probe (Chrono Boost)  
  18  1:23  Probe (Chrono Boost)  
  18  1:24  Assimilator  
  19  1:28  Assimilator  
  19  1:33  Probe (Chrono Boost)  
  20  1:44  Probe (Chrono Boost)  
  21  1:55  Probe (Chrono Boost)  
  21  1:57  Cybernetics Core  
  22  2:05  Probe (Chrono Boost)  
  22  2:06  Pylon  
  23  2:14  Probe (Chrono Boost)  
  24  2:16  Probe (Chrono Boost), Zealot  
  27  2:24  Probe (Chrono Boost)  
  27  2:26  Probe (Chrono Boost)  
  29  2:35  Probe (Chrono Boost)  
  30  2:40  Probe (Chrono Boost)  
  30  2:43  Stargate  
  31  2:44  Protoss Air Weapons Level 1  
  31  2:45  Probe (Chrono Boost)  
  31  2:50  Probe (Chrono Boost)  
  33  2:56  Probe (Chrono Boost)  
  34  3:01  Probe (Chrono Boost)  
  35  3:07  Mothership Core (Chrono Boost)  
  35  3:12  Probe (Chrono Boost)  
  38  3:19  Pylon  
  38  3:21  Oracle  
  38  3:23  Probe (Chrono Boost)  
  38  3:25  Probe (Chrono Boost)  
  44  3:35  Probe x2 (Chrono Boost), Assimilator  
  44  3:38  Pylon  
  45  3:46  Probe (Chrono Boost)  
  45  3:47  Probe (Chrono Boost)  
  47  3:57  Probe (Chrono Boost), Nexus  
  47  3:59  Probe (Chrono Boost)  
  47  4:00  Pylon  
  49  4:04  Void Ray  
  49  4:07  Probe (Chrono Boost)  
  55  4:10  Probe (Chrono Boost)  
  55  4:13  Assimilator  
  55  4:18  Probe (Chrono Boost)  
  55  4:20  Probe (Chrono Boost)  
  57  4:28  Probe (Chrono Boost)  
  57  4:30  Fleet Beacon  
  57  4:31  Probe (Chrono Boost)  
  59  4:39  Probe (Chrono Boost)  
  59  4:41  Probe (Chrono Boost)  
  59  4:43  Stargate  
  59  4:44  Forge  
  61  4:49  Probe (Chrono Boost)  
  61  4:52  Probe (Chrono Boost)  
  63  4:58  Stargate  
  64  5:00  Probe (Chrono Boost)  
  64  5:03  Probe (Chrono Boost)  
  64  5:04  Pylon  
  65  5:08  Carrier  
  65  5:09  Probe (Chrono Boost)  
  65  5:10  Probe (Chrono Boost)  
  65  5:13  Probe (Chrono Boost)  
  68  5:20  Probe (Chrono Boost)  
  68  5:21  Probe (Chrono Boost)  
  76  5:22  Assimilator  
  76  5:24  Probe (Chrono Boost)  
  76  5:26  Assimilator  
  77  5:30  Probe (Chrono Boost)  
  78  5:36  Carrier, Probe (Chrono Boost)  
  78  5:40  Probe (Chrono Boost)  
  80  5:43  Pylon  
  80  5:45  Photon Cannon  
  80  5:47  Photon Cannon  
  86  5:51  Probe (Chrono Boost)  
  86  5:52  Probe (Chrono Boost)  
  88  5:57  Pylon  
  88  6:06  Protoss Air Weapons Level 2  
  88  6:09  Probe (Chrono Boost)  
  88  6:11  Photon Cannon  
  89  6:13  Carrier  
  89  6:14  Photon Cannon  
  89  6:15  Photon Cannon x2  
  89  6:17  Pylon, Graviton Catapult  
  95  6:32  Probe (Chrono Boost)  
  96  6:35  Stargate  
  96  6:36  Probe (Chrono Boost)  
  96  6:37  Pylon  
  96  6:39  Stargate  
  97  6:40  Carrier  
  97  6:41  Pylon  
  97  6:43  Pylon  
  97  6:46  Probe (Chrono Boost)  
  104  6:57  Probe (Chrono Boost)  
  105  7:03  Void Ray  
  105  7:14  Probe (Chrono Boost), Pylon  
  110  7:28  Carrier, Nexus  
  110  7:31  Pylon  
  110  7:33  Pylon  
  122  7:39  Void Ray  
  122  7:40  Assimilator  
  122  7:44  Assimilator  
  126  7:57  Carrier  
  126  7:58  Photon Cannon  
  126  7:59  Photon Cannon  
  126  8:01  Photon Cannon  
  126  8:02  Photon Cannon  
  126  8:05  Photon Cannon x2  
  126  8:07  Pylon  
  132  8:15  Carrier  
  138  8:27  Robotics Facility  
  138  8:32  Carrier  
  138  8:37  Protoss Air Weapons Level 3  
  138  8:42  Photon Cannon x2  
  138  8:43  Probe (Chrono Boost), Pylon  
  146  8:57  Probe (Chrono Boost)  
  146  9:00  Carrier  
  146  9:01  Pylon  
  146  9:02  Photon Cannon  
  146  9:05  Photon Cannon  
  152  9:15  Observer  
  153  9:19  Void Ray  
  153  9:21  Void Ray  
  161  9:41  Void Ray, Probe (Chrono Boost)  
  161  9:43  Photon Cannon  
  166  9:49  Observer  
  166  9:51  Carrier  
  167  9:54  Void Ray  
  171  10:00  Carrier  
  183  10:09  Twilight Council  
  183  10:16  Nexus  
  183  10:17  Pylon  
  183  10:18  Void Ray, Pylon  
  183  10:20  Void Ray  
  191  10:37  Void Ray  
  195  10:43  Photon Cannon  
  195  10:45  Photon Cannon  
  195  10:46  Photon Cannon  
  195  10:47  Photon Cannon  
  195  10:50  Photon Cannon  
  195  10:52  Photon Cannon  
  195  10:53  Photon Cannon  
  195  10:55  Photon Cannon  
  195  10:56  Void Ray  
  195  11:00  Pylon, Photon Cannon  
  195  11:02  Photon Cannon  
  199  11:06  Assimilator  
  199  11:08  Protoss Air Armor Level 1  
  196  11:12  Assimilator, Templar Archives  
  196  11:34  Gateway  
  196  11:37  Gateway  
  196  11:40  Gateway, Photon Cannon x2  
  196  11:41  Gateway  
  196  11:42  Pylon  
  196  11:43  Oracle  
  199  12:17  Probe (Chrono Boost)  
  200  12:29  Carrier  
  200  12:44  Charge  
  200  12:45  Protoss Ground Weapons Level 1  
  200  12:48  Warp Gate  
  200  12:54  Pylon  
  197  13:13  Carrier  
  197  13:20  Carrier  
  187  13:30  Carrier  
  187  13:31  Carrier  
  200  13:50  Gateway  
  200  13:52  Gateway  
  200  13:54  Gateway  
  200  13:57  Gateway  
  200  14:00  Gateway  
  200  14:02  Gateway  
  200  14:04  Gateway  
  200  14:29  Protoss Air Armor Level 2  
  196  14:33  Psionic Storm  
  196  14:37  Oracle  
  199  15:06  Nexus  
  199  15:08  Pylon  
  199  15:09  Pylon  
  199  15:29  Photon Cannon  
  199  15:30  Photon Cannon  
  199  15:32  Photon Cannon  
  199  15:34  Photon Cannon  
  196  15:36  Photon Cannon  
  196  15:37  Void Ray  
  196  15:38  Photon Cannon  
  196  15:40  Photon Cannon  
  200  15:43  Photon Cannon  
  200  15:46  Photon Cannon  
  196  16:14  Void Ray  
Show
View Real Time Build Order
Export as new Build Order

IIIIIIIIIIll Zerg 

Build Orders: Hatch First 

Get SALT Encoding   

  12  0:01  Drone  
  13  0:09  Drone  
  14  0:17  Overlord  
  14  0:36  Drone  
  15  0:45  Hatchery  
  15  0:48  Drone  
  15  0:52  Drone  
  15  0:56  Drone  
  17  0:59  Drone  
  18  1:10  Extractor  
  17  1:15  Spawning Pool  
  16  1:18  Drone  
  16  1:22  Drone  
  18  1:31  Drone  
  19  1:44  Hatchery  
  18  1:49  Drone  
  19  1:54  Drone  
  19  2:00  Drone  
  21  2:04  Queen  
  23  2:10  Overlord  
  23  2:15  Drone  
  24  2:18  Drone  
  25  2:25  Overlord  
  25  2:28  Drone  
  26  2:35  Queen  
  28  2:40  Drone  
  28  2:41  Drone  
  30  2:46  Queen  
  30  2:49  Drone  
  33  2:52  Drone  
  33  2:53  Drone  
  35  2:58  Metabolic Boost  
  35  3:02  Drone  
  35  3:05  Drone x2  
  38  3:09  Overlord  
  38  3:13  Drone  
  38  3:17  Drone x3  
  38  3:19  Drone  
  43  3:24  Drone  
  43  3:26  Drone  
  43  3:27  Drone  
  46  3:29  Drone  
  46  3:32  Queen  
  49  3:35  Drone  
  49  3:38  Drone  
  49  3:40  Overlord  
  51  3:43  Spore Crawler  
  51  3:47  Drone, Spore Crawler  
  51  3:48  Drone  
  51  3:50  Drone  
  52  3:56  Drone x3  
  52  3:57  Spore Crawler  
  52  4:00  Baneling Nest  
  52  4:01  Zergling x2  
  54  4:04  Drone x2  
  54  4:09  Zergling x6  
  59  4:15  Overlord  
  59  4:16  Lair  
  59  4:18  Drone  
  59  4:19  Drone, Extractor  
  60  4:25  Drone x2  
  60  4:27  Overlord  
  60  4:28  Drone x2  
  60  4:30  Extractor  
  63  4:31  Evolution Chamber  
  63  4:32  Drone  
  63  4:36  Drone, Extractor  
  63  4:37  Overlord  
  63  4:41  Drone x4  
  67  4:45  Overlord  
  67  4:50  Drone x4  
  67  4:52  Extractor  
  70  4:58  Overlord  
  70  5:00  Drone  
  70  5:08  Drone  
  70  5:09  Drone x6  
  70  5:10  Drone  
  78  5:15  Extractor, Zerg Missile Weapons Level 1  
  78  5:18  Evolution Chamber, Drone  
  78  5:20  Queen  
  79  5:22  Queen  
  79  5:27  Hatchery  
  80  5:32  Infestation Pit  
  80  5:33  Overlord  
  80  5:35  Overlord  
  79  5:36  Queen  
  81  5:43  Overlord  
  81  5:45  Drone  
  81  5:48  Overlord x2  
  82  5:50  Zerg Ground Armor Level 1  
  82  5:51  Overlord  
  82  5:53  Drone x2  
  82  5:54  Drone  
  82  5:56  Drone x2  
  82  5:57  Drone x2  
  89  6:01  Overlord  
  89  6:05  Drone x2  
  89  6:06  Drone x5  
  89  6:11  Hive  
  96  6:17  Drone  
  96  6:18  Queen  
  97  6:19  Hydralisk Den  
  97  6:21  Extractor  
  97  6:23  Drone x3  
  97  6:24  Extractor  
  97  6:25  Drone x3  
  102  6:29  Overlord x2  
  101  6:45  Drone x2  
  101  6:46  Drone x2  
  105  6:48  Drone x2  
  105  6:49  Spore Crawler  
  105  6:51  Muscular Augments, Hydralisk, Spore Crawler  
  105  6:53  Hydralisk  
  109  6:55  Hydralisk  
  111  7:01  Drone x2  
  111  7:04  Hatchery  
  111  7:05  Drone x2, Overlord  
  111  7:06  Spine Crawler  
  111  7:07  Hydralisk  
  111  7:08  Spore Crawler  
  114  7:09  Hydralisk x2  
  114  7:11  Hydralisk  
  120  7:20  Hydralisk x2  
  120  7:21  Hydralisk  
  126  7:24  Adrenal Glands  
  126  7:27  Ultralisk Cavern  
  125  7:30  Drone  
  125  7:32  Zerg Missile Weapons Level 2  
  125  7:34  Hydralisk x3  
  132  7:37  Overlord  
  132  7:38  Overlord  
  132  7:39  Hydralisk  
  134  7:44  Zerg Ground Armor Level 2  
  134  7:48  Spore Crawler  
  134  7:49  Drone x5  
  134  7:50  Drone x3  
  141  7:52  Hydralisk  
  141  7:54  Hydralisk  
  141  7:55  Hydralisk  
  147  7:59  Overlord x2  
  147  8:00  Hydralisk  
  147  8:03  Drone  
  150  8:08  Hydralisk x2  
  150  8:11  Overlord x2  
  150  8:12  Overlord  
  154  8:16  Spore Crawler x2  
  154  8:17  Spore Crawler  
  154  8:18  Drone  
  154  8:19  Drone x5  
  157  8:20  Drone x2  
  157  8:24  Spore Crawler  
  157  8:25  Chitinous Plating, Spore Crawler  
  157  8:33  Drone x2  
  157  8:34  Drone, Spore Crawler x2  
  159  8:35  Spore Crawler  
  159  8:37  Drone x5  
  159  8:38  Drone x3  
  159  8:40  Extractor x2  
  163  8:42  Spore Crawler  
  163  8:44  Spore Crawler  
  163  8:46  Spore Crawler  
  163  8:48  Spore Crawler  
  159  8:51  Spore Crawler, Ultralisk  
  159  8:52  Infestor  
  159  8:53  Infestor  
  159  8:54  Infestor  
  170  8:56  Infestor  
  170  8:58  Burrow  
  170  8:59  Infestor  
  170  9:00  Hydralisk  
  176  9:03  Hydralisk x2  
  176  9:09  Hydralisk  
  182  9:11  Hydralisk  
  182  9:12  Spore Crawler  
  182  9:13  Spore Crawler  
  182  9:15  Spore Crawler  
  187  9:17  Ultralisk  
  187  9:20  Ultralisk  
  193  9:24  Ultralisk  
  199  9:34  Spore Crawler x2  
  199  9:35  Spore Crawler  
  199  9:37  Spore Crawler  
  195  9:41  Spore Crawler x2  
  195  9:42  Spore Crawler  
  195  9:44  Ultralisk  
  198  10:03  Spore Crawler  
  198  10:04  Spore Crawler x4  
  198  10:05  Spore Crawler  
  192  10:08  Drone x5  
  192  10:09  Drone x2  
  192  10:11  Spine Crawler  
  192  10:12  Drone  
  199  10:22  Spore Crawler, Zerg Ground Armor Level 3  
  199  10:23  Zerg Missile Weapons Level 3  
  199  10:24  Spore Crawler  
  199  10:27  Hydralisk  
  199  10:43  Spore Crawler  
  199  10:45  Spore Crawler  
  199  10:46  Drone  
  199  10:49  Spore Crawler  
  197  10:51  Spore Crawler  
  197  10:52  Spore Crawler  
  197  10:55  Overseer x2, Spore Crawler  
  197  10:56  Overseer x2  
  194  11:01  Hydralisk x2  
  198  11:08  Infestor x3  
  198  11:09  Infestor x2  
  198  11:10  Spore Crawler  
  197  11:12  Hatchery  
  197  11:14  Hydralisk  
  198  11:25  Hydralisk, Spore Crawler  
  170  12:04  Hydralisk x15  
  196  12:20  Infestor  
  191  12:41  Hydralisk x6  
  199  12:53  Spore Crawler x3  
  199  12:54  Spore Crawler  
  199  12:55  Spore Crawler  
  194  12:59  Zerg Melee Weapons Level 1  
  188  13:08  Infestor x3  
  188  13:17  Hydralisk  
  188  13:18  Hydralisk x11  
  178  13:25  Hydralisk x2  
  170  13:32  Hydralisk x2  
  170  13:33  Hydralisk x3  
  172  13:40  Spore Crawler  
  151  13:43  Hydralisk x4  
  151  13:44  Hydralisk  
  151  13:45  Queen x5  
  161  13:57  Infestor x2  
  161  13:59  Ultralisk x3  
  183  14:03  Hydralisk x5, Ultralisk  
  199  14:16  Hydralisk x8  
  187  14:24  Hydralisk x5  
  195  14:33  Infestor x2  
  195  14:34  Infestor x2  
  195  14:35  Hydralisk  
  195  15:11  Hydralisk x5  
  197  15:31  Hydralisk  
  195  15:50  Hydralisk  
  185  16:11  Hydralisk x3  
  187  16:20  Overlord x3  
  187  16:21  Overlord x5  
  159  16:36  Overlord x3  
  159  16:37  Overlord x2  
  126  16:52  Spawning Pool  
Tags
 
Add a new tag
Caveats
  • Supply blocks, unpowered buildings, or Contaminate may cause inaccurate times.
  • Supply counts are checked every 10 seconds.